 Dungeon Crawl Stone Soup version 0.21-a0-221-gfe971b9 (webtiles) character file.

186 tidbits the Insei (level 5, -19/58 HPs)
             Began as a Demigod Transmuter on Aug 27, 2017.
             Demolished by Menkaure (22 damage)
             ... on level 4 of the Dungeon.
             The game lasted 00:12:48 (1618 turns).

tidbits the Insei (Demigod Transmuter)              Turns: 1618, Time: 00:12:49

Health: -19/58     AC:  2    Str: 18    XL:     5   Next: 15%
Magic:  10/10      EV: 12    Int: 19    God:
Gold:   90         SH:  0    Dex: 16    Spells: 2/8 levels left

rFire    . . .     SeeInvis .   s - +0 dagger (elec)
rCold    . . .     Gourm    .   (no shield)
rNeg     + . .     Faith    .   b - +0 robe
rPois    .         Spirit   .   (no helmet)
rElec    .         Reflect  .   (no cloak)
rCorr    .         Harm     .   (no gloves)
MR       .....                  (no boots)
Stlth    ..........             (no amulet)
HPRegen  0.19/turn              l - ring of positive energy
MPRegen  0.12/turn              (no ring)

@: berserking, flying, very quick
A: high mp 1
a: no special abilities


You were on level 4 of the Dungeon.
You were not hungry.

You visited 1 branch of the dungeon, and saw 5 of its levels.

You collected 90 gold pieces.

Inventory:

Hand Weapons
 s - a +0 dagger of electrocution (weapon)
   (You found it on level 3 of the Dungeon)
Missiles
 a - 52 arrows
 h - 14 stones (quivered)
Armour
 b - a +0 robe (worn)
 p - a scarf of spirit shield
   (You found it on level 2 of the Dungeon)
Jewellery
 l - a ring of positive energy (left hand)
   (You found it on level 1 of the Dungeon)
Scrolls
 e - a scroll of amnesia {unknown}
 g - a scroll of recharging {unknown}
 m - 2 scrolls of noise {unknown}
 n - a scroll of identify {unknown}
 q - a scroll of enchant weapon {unknown}
 u - a scroll of teleportation {unknown}
 w - a scroll of fear {unknown}
Potions
 o - a potion of agility
 r - a potion of curing {unknown}
 t - a potion of heal wounds {unknown}
 v - a potion of magic {unknown}
Books
 c - a book of Changes

   Spells                             Type                      Level
   a - Beastly Appendage              Transmutation                1
   b - Sticks to Snakes               Transmutation                2
   c - Spider Form                    Transmutation/Poison         3
   d - Ice Form                       Ice/Transmutation            4
   e - Blade Hands                    Transmutation                5
Comestibles
 d - 3 bread rations
 f - a meat ration
 i - 4 chunks of flesh


   Skills:
 - Level 0.8 Fighting
 - Level 1.7 Dodging
 + Level 4.3 Unarmed Combat
 - Level 2.0 Spellcasting
 + Level 3.6 Transmutations


You had 2 spell levels left.
You knew the following spells:

 Your Spells              Type           Power        Failure   Level  Hunger
e - Beastly Appendage     Tmut           ###...       3%          1    #......
k - Sticks to Snakes      Tmut           ###.....     5%          2    ###....
p - Spider Form           Tmut/Pois      #.........   24%         3    ###....


Dungeon Overview and Level Annotations

Branches:
Dungeon (5/15)
 Temple: D:4-7

Annotations:
D:4 Menkaure
D:5 Dowan, Duvessa


Innate Abilities, Weirdness & Mutations

You have an increased reservoir of magic. (+10% MP)


Message History

A giant cockroach comes into view.
The helpless giant cockroach fails to defend itself.
You hit the giant cockroach.
You kill the giant cockroach!
Found 9 gold pieces.
You now have 90 gold pieces (gained 9).
You are feeling hungry.
A hobgoblin comes into view.
Found a scroll labeled NEXZAY DIRIU.
Found a whip.
Casting: Spider Form
Confirm with . or Enter, or press ? or * to list all spells.
You turn into a venomous arachnid creature.
Your +0 dagger of electrocution melds into your body.
Your +0 robe melds into your body.
Your +0 dagger of electrocution stops crackling.
You hit the hobgoblin.
The hobgoblin is severely wounded.
The hobgoblin closely misses you.
You closely miss the hobgoblin.
The hobgoblin is severely wounded.
You bite the hobgoblin!
You kill the hobgoblin!
A giant cockroach comes into view.
Found an escape hatch in the floor.
You see here a hobgoblin corpse.
You butcher the hobgoblin corpse.
You see here 2 chunks of flesh.
Eat one of 3 chunks of flesh? (ye/n/q)
You eat one of the 3 chunks of flesh.
This raw flesh tastes terrible.
Your transformation is almost over.
There are no items here.
You see here 2 chunks of flesh.
i - 4 chunks of flesh (gained 2)
The giant cockroach bites you.
You hit the giant cockroach.
The giant cockroach is heavily wounded.
The giant cockroach closely misses you.
You barely miss the giant cockroach.
The giant cockroach is heavily wounded.
The giant cockroach closely misses you.
You hit the giant cockroach.
The giant cockroach is poisoned.
The giant cockroach is severely wounded.
Your transformation has ended.
Your +0 dagger of electrocution unmelds from your body.
Your +0 robe unmelds from your body.
You hear the crackle of electricity.
You kill the giant cockroach!
A rat comes into view.
You see here a scroll labeled NEXZAY DIRIU.
You hit the rat.
You kill the rat!
e - a scroll labeled NEXZAY DIRIU
There is an escape hatch in the floor here.
There is a stone staircase leading down here.
Search for what [? for help]? .
You climb downwards.
Level annotation: Menkaure Menkaure gestures wildly while chanting.
Menkaure seems to speed up.
There is a stone staircase leading up here.
Unknown command.
You climb upwards.
There is a stone staircase leading down here.
There is a stone staircase leading down here.
You see here an adder corpse.
You climb downwards.
Level annotation: Menkaure
There is a stone staircase leading up here.
Found a stone staircase leading down.
An iguana comes into view.
It was a potion of flight.
You feel very buoyant.
You fly up into the air.
Menkaure gestures wildly while chanting.
Menkaure seems to speed up.
It was a potion of berserk rage.
A red film seems to cover your vision as you go berserk!
You feel yourself moving faster!
You feel mighty!
You hit the adder skeleton.
The adder skeleton is severely damaged.
The adder skeleton completely misses you.
You barely miss the adder skeleton.
The adder skeleton is severely damaged.
The adder skeleton misses you.
Menkaure calls on the powers of darkness!
Your body is wracked with pain!
* * * LOW HITPOINT WARNING * * *
You hit the adder skeleton.
The adder skeleton is almost destroyed.
You puncture the adder skeleton!
Lightning courses through the adder skeleton!
You destroy the adder skeleton!
You feel a strong urge to attack something.
Menkaure mumbles in an indecipherable tongue.
Menkaure hits you!!
* * * LOW HITPOINT WARNING * * *
Unknown command.
You barely miss Menkaure. Menkaure hits you!!
You die...

...##># #.#..#..#
......###.##.#.##
.............<.#
.....#####.....#
...###
##.....##### ...#
#..........# ....
#..........#
..#..
#..........#
..####
#......M@..# ...
>...........#
...>.########
....l.# ...


You could see Menkaure.

Vanquished Creatures
  Jessica (D:2)
  A worker ant (D:4)
  A hound skeleton (D:4)
  2 gnolls (D:2)
  3 adders
  An adder skeleton (D:4)
  4 leopard geckos
  5 orcs (D:3)
  5 giant cockroaches
  A goblin (D:3)
  5 hobgoblins
  3 jackals (D:2)
  3 ball pythons
  4 bats
  4 frilled lizards
  8 kobolds
  4 rats
55 creatures vanquished.

Vanquished Creatures (collateral kills)
  An adder (D:1)
  A gnoll (D:2)
  A jackal (D:2)
3 creatures vanquished.

Grand Total: 58 creatures vanquished

Notes
Turn   | Place    | Note
-------+----------+-------------------------------------------
     0 | D:1      | tidbits the Demigod Transmuter began the quest for the Orb.
     0 | D:1      | Reached XP level 1. HP: 15/15 MP: 5/5
   111 | D:1      | Reached skill level 2 in Spellcasting
   234 | D:1      | Reached skill level 2 in Transmutations
   234 | D:1      | Reached XP level 2. HP: 8/22 MP: 5/7
   238 | D:1      | Learned a level 2 spell: Sticks to Snakes
   294 | D:1      | Reached skill level 3 in Unarmed Combat
   400 | D:2      | Found a glowing golden altar of the Shining One.
   413 | D:2      | Found a faded altar of an unknown god.
   508 | D:2      | Reached XP level 3. HP: 22/27 MP: 2/8
   688 | D:2      | Noticed Jessica
   717 | D:1      | Learned a level 3 spell: Spider Form
   724 | D:2      | Killed Jessica
   758 | D:2      | Reached XP level 4. HP: 29/34 MP: 2/9
   855 | D:3      | Reached skill level 3 in Transmutations
  1122 | D:4      | Reached skill level 4 in Unarmed Combat
  1156 | D:5      | Entered Level 5 of the Dungeon
  1156 | D:5      | Noticed Duvessa
  1156 | D:5      | Noticed Dowan
  1170 | D:4      | Noticed Menkaure
  1439 | D:3      | Reached XP level 5. HP: 13/39 MP: 1/10
  1617 | D:4      | HP: 3/58 [Menkaure (24)]
  1618 | D:4      | Demolished by Menkaure

Vault maps used:
D:1:      minmay_arrival_semitransparent
D:2:      lemuel_crystal_altar, chequers_ecumenical_altar_island, uniq_jessica
D:3:      first_bread
D:4:      overflow_temple_1_default, kennysheep_okawaru_gauntlet,
          uniq_eustachio, uniq_menkaure
D:5:      grunt_temple_overflow_open, serial_shops, nicolae_shop_statue_plus,
          uniq_duvessa

Skill      XL: |  1  2  3  4 |
---------------+-------------+-----
Spellcasting   | 2 |  2.0
Transmutations | 2 3 |  3.6
Unarmed Combat | 3 4 |  4.3
Fighting       | |  0.8
Dodging        | |  1.7

Action                   |  1- 3 |  4- 6 || total
-------------------------+-------+-------++-------
Melee: Unarmed           |    77 |    67 ||   144
       Kick              |     9 |       ||     9
       Headbutt          |     4 |     1 ||     5
       Punch             |     2 |       ||     2
       Dagger            |       |     9 ||     9
 Cast: Beastly Appendage |    19 |     2 ||    21
       Sticks to Snakes  |     3 |     4 ||     7
       Spider Form       |     2 |    11 ||    13
  Use: Potion            |     1 |     4 ||     5
 Stab: Sleeping          |       |     1 ||     1
  Eat: Chunk             |       |     6 ||     6
Armor: Robe              |    16 |     3 ||    19
       Skin              |     2 |     4 ||     6
Dodge: Dodged            |    69 |    79 ||   148

Table legend:
 A = Spawn XP
 B = Non-spawn XP
 C = Spawn XP percentage of total XP
 D = Spawn monster count
 E = Non-spawn monster count
 F = Spawn count percentage of total count
 G = Total turns spent on level
                    A         B        C        D         E        F      G
               +---------+---------+-------+---------+---------+-------+---------
         Total |      20 |     246 |   7.5 |       5 |      53 |   8.6 |  1618
               +---------+---------+-------+---------+---------+-------+---------
           D:1 |      12 |      13 |  48.0 |       1 |       8 |  11.1 |   417
           D:2 |       6 |     114 |   5.0 |       3 |      21 |  12.5 |   630
           D:3 |       2 |      63 |   3.1 |       1 |      20 |   4.8 |   435
           D:4 |       0 |      56 |   0.0 |       0 |       4 |   0.0 |   134
               +---------+---------+-------+---------+---------+-------+---------

Table legend:
 A = Turns spent in this place as a percentage of turns spent in the entire game.
 B = Non-inter-level travel turns spent in this place as a percentage of non-inter-level travel turns spent in the entire game.
 C = Inter-level travel turns spent in this place as a percentage of turns spent in this place.
 D = Turns resting spent in this place as a percentage of non-inter-level travel turns spent in this place.
 E = Turns spent auto-exploring this place as a percentage of non-inter-level travel turns spent in this place.
 F = Non-inter-level travel turns spent in this place divided by the number of levels of this place that you've seen.
                   A       B       C       D       E      F
               +-------+-------+-------+-------+-------+----------------------
         Total | 100.0 | 100.0 |   2.3 |   0.0 |   0.0 | 316.0
       Dungeon | 100.0 | 100.0 |   2.3 |   0.0 |   0.0 | 316.0
               +-------+-------+-------+-------+-------+----------------------

Table legend:
 A = Kills in this place as a percentage of kills in entire the game.
 B = Kills by you in this place as a percentage of kills by you in the entire game.
 C = Kills by friends in this place as a percentage of kills by friends in the entire game.
 D = Other kills in this place as a percentage of other kills in the entire game.
 E = Experience gained in this place as a percentage of experience gained in the entire game.
 F = Experience gained in this place divided by the number of levels of this place that you have seen.
                   A       B       C       D       E      F
               +-------+-------+-------+-------+-------+----------------------
         Total | 100.0 | 100.0 | 100.0 |   N/A | 100.0 |  53.2
       Dungeon | 100.0 | 100.0 | 100.0 |   N/A | 100.0 |  53.2
               +-------+-------+-------+-------+-------+----------------------

Vault maps used:
D:1:      minmay_arrival_semitransparent
D:2:      lemuel_crystal_altar, chequers_ecumenical_altar_island, uniq_jessica
D:3:      first_bread
D:4:      overflow_temple_1_default, kennysheep_okawaru_gauntlet,
          uniq_eustachio, uniq_menkaure
D:5:      grunt_temple_overflow_open, serial_shops, nicolae_shop_statue_plus,
          uniq_duvessa
